 Dungeon Crawl Stone Soup version 0.17-a0-1646-geb1493d (webtiles) character file.

175 LilCorpsy the Shield-Bearer (level 5, -7/37 HPs)
             Began as a Formicid Fighter on Aug 10, 2015.
             Shot with an arrow by a centaur (13 damage)
             ... on level 6 of the Dungeon.
             The game lasted 00:05:21 (2026 turns).

LilCorpsy the Shield-Bearer (Formicid Fighter)      Turns: 2026, Time: 00:05:23

Health: -7/37      AC:  7    Str: 22    XL:     5   Next: 86%
Magic:  5/5        EV: 11    Int:  7    God:
Gold:   83         SH:  9    Dex: 10    Spells: 0 memorised, 4 levels left

rFire  . . .     SeeInvis +     a - +0 flail
rCold  . . .     Clarity  .     b - +0 scale mail
rNeg   . . .     SustAt   .     c - +0 shield
rPois  .         Gourm    .     (helmet unavailable)
rElec  .         Spirit   .     (no cloak)
rCorr  .         Warding  .     (no gloves)
rMut   .         Stasis   +     (no boots)
MR     .....                    (no amulet)
Stlth  ..........               (no ring)
                                j - +3 ring of evasion

@: not resistant to hostile enchantments, extremely unstealthy
A: permanent stasis, dig shafts and tunnels, four strong arms, antennae 3,
breathe flames 2, frail 1
a: Dig, Shaft Self, Breathe Fire


You were on level 6 of the Dungeon.
You were not hungry.

You visited 1 branch of the dungeon, and saw 4 of its levels.

You collected 83 gold pieces.

Inventory:

Hand weapons
 a - a +0 flail (weapon)
Missiles
 o - 12 stones (quivered)
Armour
 b - a +0 scale mail (worn)
 c - a +0 shield (worn)
Jewellery
 j - a +3 ring of evasion (left hand)
Scrolls
 g - a scroll of enchant armour {unknown}
 h - 2 scrolls of enchant weapon {unknown}
 l - 2 scrolls of teleportation {unknown}
 m - a scroll of blinking {unknown}
 p - a scroll of fog {unknown}
Potions
 d - a potion of might
 f - a potion of mutation
 i - a potion of lignification {unknown}
 k - a potion of curing
 q - 2 potions of poison {unknown}
Comestibles
 e - 2 bread rations
 n - a meat ration


   Skills:
 + Level 4.0 Fighting
 * Level 4.1 Maces & Flails
 + Level 4.1 Armour
 + Level 4.4 Shields


You had 4 spell levels left.
You didn't know any spells.

Dungeon Overview and Level Annotations

Branches:
Dungeon (6/15)
 Temple: D:4-7

Altars:
Makhleb

Annotations:
D:6 Sigmund


Innate Abilities, Weirdness & Mutations

You are under a permanent stasis effect.
You can dig through walls and to a lower floor.
Your four strong arms can wield two-handed weapons with a shield.
You have a pair of large antennae on your head (SInv).
You can breathe fire.
You are frail (-10% HP).


Message History

You see here 2 arrows.
The giant frog hits you.
The centaur shoots an arrow.
The arrow hits you!
* * * LOW HITPOINT WARNING * * *
You see here an arrow.
It was a potion of mutation.
You feel extremely strange.
Your throat feels hot.
You feel frail.
Your throat feels hot.
You block the giant frog's attack.
The centaur shoots an arrow.
You block the arrow. The giant frog barely misses you.
Use which ability? (? or * to list)
Okay, then.
Unknown command.
Use which ability? (? or * to list) Are you sure you want to shaft yourself?
You feel somewhat more hungry.
The centaur shoots an arrow.
You block the arrow. You block the jackal's attack.
The giant frog hits you but does no damage.
You sense a monster nearby. x2
You begin to dig a shaft.
You continue digging a shaft.
The centaur shoots an arrow.
The arrow hits you!
You die...

#.#{.{..## .#
##.##....# #
#?.....{.#
#...c########
#..#.@[......
#............
#.#..(######
#...hhF##
#.....@.#
#.......#
#.......#
#c.....##
#.......
##.###.# #.
... { # ###


You could see Sigmund (invisible), a giant frog, 2 centaurs and 2 jackals.

Vanquished Creatures
  A giant frog (D:3)
  7 adders
  2 worms (D:3)
  5 bats
  A giant cockroach (D:1)
  6 goblins
  2 hobgoblins
  4 jackals (D:2)
  A quokka (D:2)
  A ball python (D:1)
  4 giant newts
  10 kobolds
  8 rats
52 creatures vanquished.

Notes
Turn   | Place    | Note
--------------------------------------------------------------
     0 | D:1      | LilCorpsy the Formicid Fighter began the quest for the Orb.
     0 | D:1      | Reached XP level 1. HP: 18/18 MP: 1/1
   209 | D:1      | Reached XP level 2. HP: 24/24 MP: 2/2
   727 | D:2      | Reached XP level 3. HP: 27/29 MP: 3/3
  1147 | D:2      | Reached XP level 4. HP: 17/36 MP: 4/4
  1450 | D:2      | Reached skill level 4 in Shields
  1516 | D:2      | Found a burning altar of Makhleb.
  1516 | D:2      | Noticed a green death
  1519 | D:2      | Noticed a smoke demon
  1519 | D:2      | Noticed a neqoxec
  1706 | D:3      | Reached XP level 5. HP: 42/42 MP: 5/5
  1714 | D:3      | Noticed a giant frog
  1720 | D:3      | Killed a giant frog
  2005 | D:3      | You fall through a shaft for 3 floors!
  2005 | D:6      | Noticed a centaur
  2012 | D:6      | Noticed Sigmund
  2020 | D:6      | Noticed a centaur
  2024 | D:6      | Gained mutation: You can breathe flames. [potion of mutation]
  2024 | D:6      | Gained mutation: You are frail (-10% HP). [potion of mutation]
  2024 | D:6      | Gained mutation: You can breathe fire. [potion of mutation]
  2026 | D:6      | Shot with an arrow by a centaur

Vault maps used:
D:1:      minmay_arrival_checkered_box
D:2:      makhleb_altar_promises_db, first_bread, grunt_ministairs_12
D:6:      uniq_grinder, uniq_sigmund

Action                   |  1- 3 |  4- 6 || total
-------------------------+-------+-------++-------
Melee: Flail             |   117 |    92 ||   209
 Abil: Dig               |     1 |       ||     1
       Shaft Self        |       |     1 ||     1
  Use: Potion            |       |     2 ||     2
  Eat: Bread ration      |       |     1 ||     1
